 Dungeon Crawl Stone Soup version 0.30-b1-2-g02819fbbbe (webtiles) character file.

Game seed: 9026530558972163214

109 snakesoul the Digger (level 4, -1/24 HPs)
             Began as a Gargoyle Earth Elementalist on June 12, 2023.
             Slain by an orc
             ... wielding a +0 flail
              (7 damage)
             ... on level 2 of the Dungeon.
             The game lasted 00:04:04 (2496 turns).

snakesoul the Digger (Gargoyle Earth Elementalist)  Turns: 2496, Time: 00:04:04

Health: -1/24      AC:  6    Str: 11    XL:     4   Next: 90%
Magic:  5/8        EV: 11    Int: 18    God:
Gold:   153        SH:  0    Dex: 10    Spells: 5/9 levels left

rFire   . . .        q - +2 short sword (speed)
rCold   . . .        (no shield)
rNeg    + . .        a - +0 robe
rPois   ∞            (no helmet)
rElec   +            (no cloak)
rCorr   .            m - +0 pair of gloves
SInv    .            (no boots)
Will    .....        (no amulet)
Stlth   +            (no ring)
HPRegen 0.24/turn    (no ring)
MPRegen 0.11/turn

%: no passive effects
@: confused
A: sickness immunity, AC +3, negative energy resistance 1, electricity
resistance, torment resistance 1, petrification resistance
a: no special abilities


You were on level 2 of the Dungeon.
You visited 1 branch of the dungeon, and saw 3 of its levels.

You collected 153 gold pieces.

Inventory:

Hand Weapons
 q - a +2 short sword of speed (weapon)
Missiles
 r - 5 javelins
Armour
 a - a +0 robe (worn)
 m - a +0 pair of gloves (worn)
Magical Staves
 h - a staff of death
 j - a staff of air
Wands
 n - a wand of digging (5)
 p - a wand of iceblast (10)
Scrolls
 c - 3 scrolls of enchant weapon {unknown}
 d - a scroll of vulnerability {unknown}
 f - 3 scrolls of identify {unknown}
 g - 3 scrolls of torment {unknown}
 o - a scroll of fog {unknown}
Potions
 b - a potion of magic
 e - a potion of degeneration {unknown}
 i - a potion of flight {unknown}
 k - 2 potions of curing {unknown}
 l - 2 potions of heal wounds {unknown}


   Skills:
 - Level 1.5 Dodging
 - Level 2.1 Stealth
 + Level 3.1 Spellcasting
 * Level 2.4 Conjurations
 - Level 0.7 Transmutations
 + Level 4.8 Earth Magic


You had 5 spell levels left.
You knew the following spells:

 Your Spells              Type           Power      Damage    Failure   Level
a - Sandblast             Erth           40%        2d10      2%          1
b - Stone Arrow           Conj/Erth      30%        3d8       11%         3

Your spell library contained the following spells:

 Spells                   Type           Power      Damage    Failure   Level
 Passwall                 Tmut/Erth      10%        N/A       8%          2
 Kiss of Death            Conj/Necr      28%        2d7       10%         1
 Momentum Strike          Conj/Tloc      14%        3d8       16%         2
 Blink                    Tloc           4%         N/A       24%         2
 Lesser Beckoning         Tloc           4%         N/A       24%         2
 Volatile Blastmotes      Fire/Tloc      4%         2d10      43%         3
 Petrify                  Tmut/Erth      12%        N/A       45%         4
 Lee's Rapid Deconstruct  Erth           10%        3d8*      52%         5
 Fulminant Prism          Conj/Hex       3%         3d5       69%         4
 Iskenderun's Mystic Bla  Conj/Tloc      7%         2d4       69%         4
 Borgnjor's Vile Clutch   Necr/Erth      5%         N/A       86%         5
 Haunt                    Necr/Summ      1%         N/A       100%        7


Dungeon Overview and Level Annotations

Branches:
Dungeon (3/15)

Altars:


Innate Abilities, Weirdness & Mutations

You are immune to sickness and miasma.
Your stone body is resilient. (AC +3)
You are immune to poison.
You resist negative energy. (rN+)
You are resistant to electric shocks. (rElec)
You are resistant to unholy torment.
You are immune to petrification.


Message History

The orc wizard hits you but does no damage.
You're too confused to move!
The orc wizard hits you but does no damage.
The orc attacks as you move away! The orc hits you with a +0 flail.
The orc attacks as you move away! The orc hits you but does no damage.
The orc wizard hits you with a +0 dagger.
The orc wizard attacks as you move away!
The orc wizard hits you but does no damage.
You feel less confused. The orc wizard casts a spell at you.
You are confused.
There is a stone staircase leading up here.
The orc hits you with a +0 short sword.
In your confused state, you trip and fall back down the stairs.
The orc wizard points at you and mumbles some strange words.
You are more confused.
The orc hits you with a +0 short sword. The orc barely misses you.
The orc wizard casts a spell at you.
You are more confused.
You climb upwards.
There is a stone staircase leading down here.
You hit the orc wizard.
The orc wizard is moderately wounded.
You bump into the rock wall.
The orc barely misses you.
The orc wizard hits you but does no damage.
You bump into the rock wall.
The orc hits you but does no damage.
The orc wizard hits you with a +0 dagger.
You bump into the rock wall.
The orc closely misses you.
The orc wizard hits you but does no damage.
You bump into the rock wall.
The orc misses you.
The orc wizard hits you but does no damage.
You're too confused to move!
The orc barely misses you.
The orc wizard hits you but does no damage.
You bump into the rock wall.
The orc hits you with a +0 flail.
The orc wizard hits you with a +0 dagger.
* * * LOW HITPOINT WARNING * * *
You miss the orc wizard.
The orc wizard is moderately wounded.
The orc hits you with a +0 flail!
You die...

.#.#.# #.#.....#####.# #.# .#.#.#
#.####### #.# #.# .#.#.#
#.###########.# #†# .#.#.#
#.............# #.#
.#.#.###################.######.#
.#........>.....................#
.###.##..........................
.#.............################.#
.##..##.<......o@oo.# #.#
.##..######..#.####.# #.# .##..#
#..#.#..#.# #.# .##..#
#..#....#.###########.#
..#..######..#...............##.#
#.#..........#...##.########.##.#
#.#.########.#.............#.##.#
#............[....#.######.#.##.#
###.#........#.#.##.######.#.##.#


You could see an orc wizard and 2 orcs.

Vanquished Creatures
  An adder (D:3)
  4 gnolls (D:3)
  A worm (D:2)
  3 dart slugs
  3 orcs (D:3)
  5 bats
  5 endoplasms
  4 giant cockroaches (D:1)
  3 hobgoblins
  4 kobolds
  4 quokkas
  3 ball pythons
  A frilled lizard (D:3)
  3 goblins
  3 rats
47 creatures vanquished.

Notes
Turn   | Place    | Note
-------+----------+-------------------------------------------
     0 | D:1      | snakesoul the Gargoyle Earth Elementalist began the quest
                  | for the Orb.
     0 | D:1      | Reached XP level 1. HP: 10/10 MP: 3/3
   260 | D:1      | Reached skill level 4 in Earth Magic
   260 | D:1      | Reached XP level 2. HP: 15/15 MP: 3/5
   770 | D:1      | Reached XP level 3. HP: 19/19 MP: 2/6
   774 | D:1      | Learned a level 3 spell: Stone Arrow
  1981 | D:3      | Reached skill level 1 in Conjurations
  2059 | D:3      | Got the Parchment of the Dead
  2328 | D:3      | Reached XP level 4. HP: 24/24 MP: 5/8
  2496 | D:2      | Slain by an orc

Illustrated notes

Levels and vault maps discovered:
D:1:      minmay_arrival_floating_metal, layout_basic
D:2:      layout_basic
D:3:      layout_rooms, minmay_between

Skill      XL: |  1  2  3  4 |
---------------+-------------+-----
Earth Magic    | 4 |  4.8
Conjurations   | 1 2 |  2.4
Spellcasting   | 3 |  3.1
Dodging        | |  1.5
Stealth        | |  2.1
Transmutations | |  0.7

Action                     |  1- 3 |  4- 6 || total
---------------------------+-------+-------++-------
  Melee: Short sword       |       |     2 ||     2
   Cast: Sandblast         |    59 |    14 ||    73
 Armour: Robe              |     6 |     9 ||    15
  Dodge: Dodged            |    16 |     9 ||    25
